 Dungeon Crawl Stone Soup version 0.27-a0-1065-ge809cff456 (webtiles) character file.

Game seed: 12653513123921800047

35 senseless the Cudgeller (level 3, -1/29 HPs)
             Began as a Human Monk on Apr 22, 2021.
             Slain by an orc wizard
             ... wielding a +3 dagger of venom
              (3 damage)
             ... on level 2 of the Dungeon.
             The game lasted 00:03:01 (911 turns).

senseless the Cudgeller (Human Monk)                 Turns: 911, Time: 00:03:01

Health: -1/29      AC:  5    Str: 11    XL:     3   Next: 55%
Magic:  3/3        EV: 11    Int: 11    God:
Gold:   33         SH:  0    Dex: 15    Spells: 2/2 levels left

rFire    . . .     SeeInvis .   a - +0 mace
rCold    . . .     Faith    .   (no shield)
rNeg     . . .     Spirit   .   c - +0 ring mail
rPois    +         Reflect  .   (no helmet)
rElec    .         Harm     .   (no cloak)
rCorr    .         Rampage  .   (no gloves)
Will     .....                  (no boots)
Stlth    +.........             (no amulet)
HPRegen  0.09/turn              d - ring of poison resistance
MPRegen  0.08/turn              (no ring)

@: lethally poisoned (-1 -> -4)
A: no striking features
a: no special abilities


You were on level 2 of the Dungeon.
You visited 1 branch of the dungeon, and saw 2 of its levels.

You collected 33 gold pieces.

Inventory:

Hand Weapons
 a - a +0 mace (weapon)
Armour
 b - a +0 robe
 c - a +0 ring mail (worn)
 g - a +0 plate armour
Jewellery
 d - a ring of poison resistance (left hand)
Scrolls
 h - 2 scrolls of magic mapping {unknown}
 i - a scroll of holy word {unknown}
 j - a scroll of fog {unknown}
Potions
 e - 2 potions of mutation {unknown}
 f - a potion of curing {unknown}


   Skills:
 + Level 3.3 Fighting
 + Level 3.6 Maces & Flails
 + Level 0.6 Armour
 + Level 3.3 Dodging
 + Level 2.0 Stealth


You had 2 spell levels left.
You didn't know any spells.
Your spell library was empty.

Dungeon Overview and Level Annotations

Branches:
Dungeon (2/15)

Altars:


Message History

The orc wizard completely misses you.
You hit the orc wizard.
The orc wizard is lightly wounded.
You hit the orc wizard.
The orc wizard is moderately wounded.
The orc wizard hits you with a +3 dagger of venom.
The orc wizard hits you but does no damage.
You are poisoned.
You closely miss the orc wizard.
The orc wizard is moderately wounded.
You feel very sick.
The orc wizard gestures at you while chanting.
The magic dart hits you.
You hit the orc wizard but do no damage.
The orc wizard is lightly wounded.
You feel sick.
The orc wizard hits you but does no damage.
You are more poisoned.
You barely miss the orc wizard.
The orc wizard is lightly wounded.
You feel very sick.
The orc wizard hits you with a +3 dagger of venom.
You barely miss the orc wizard.
The orc wizard is lightly wounded.
* * * LOW HITPOINT WARNING * * *
You feel sick.
The orc wizard shouts!
You hear a shout!
The orc wizard hits you with a +3 dagger of venom.
* * * LOW HITPOINT WARNING * * *
* * * LOW HITPOINT WARNING * * *
You feel sick.
The orc wizard hits you but does no damage.
An endoplasm comes into view.
* * * LOW HITPOINT WARNING * * *
You feel sick.
There is a stone staircase leading up here.
* * * LOW HITPOINT WARNING * * *
You feel sick.
The orc wizard hits you with a +3 dagger of venom.
You die...

#.# o#
#####.##.####
##...........
......^...#
#.##....o.#
#o##...o..#.#
#o##.).....#
.#..####@###.†...#
.........).J..#.=#
.#.#####.####.#..#
#........!.
#..####.##.# #..#
..# # #.
#..####..#
....###.........
#.............


You could see 2 orc wizards and an endoplasm.

Vanquished Creatures
  2 dart slugs (D:1)
  2 orcs (D:2)
  3 bats
  3 endoplasms
  5 goblins
  2 kobolds (D:1)
  2 quokkas
  5 ball pythons
  A frilled lizard (D:1)
  A rat (D:1)
26 creatures vanquished.

Notes
Turn   | Place    | Note
-------+----------+-------------------------------------------
     0 | D:1      | senseless the Human Monk began the quest for the Orb.
     0 | D:1      | Reached XP level 1. HP: 18/18 MP: 1/1
   112 | D:1      | Reached XP level 2. HP: 23/24 MP: 2/2
   513 | D:1      | Reached XP level 3. HP: 29/29 MP: 3/3
   911 | D:2      | Slain by an orc wizard

Illustrated notes

Levels and vault maps discovered:
D:1:      nzn_arrival_crosshair, layout_rooms
D:2:      layout_loops_ring, chequers_ecumenical_altar_lobes

Action                   || total
-------------------------++-------
Melee: Mace              ||    77
 Stab: Sleeping          ||     1
Armor: Ring mail         ||    28
Dodge: Dodged            ||    47

Table legend: (Time is in decaauts)
 A = Elapsed time spent in this place.
 B = Non-inter-level travel time spent in this place.
 C = Inter-level travel time spent in this place.
 D = Time resting spent in this place.
 E = Time spent auto-exploring this place.
 F = Levels seen in this place.
 G = Mean time per level.
                   A        B        C        D        E       F      G
               +--------+--------+--------+--------+--------+-----+--------+
         Total |    928 |    899 |     29 |     14 |    664 |   2 |  464.0 |
       Dungeon |    928 |    899 |     29 |     14 |    664 |   2 |  464.0 |
               +--------+--------+--------+--------+--------+-----+--------+

Top non-repeatable levels by time:
     D:1: 659 daAuts
     D:2: 268 daAuts
